[Event "Titled Tuesday Blitz May 03 Early 2022"]
[White "Vlassov, Nikolai"]
[Black "Matinian, Nikita"]
[WhiteFideId "4103360"]
[BlackFideId "24129100"]
[WhiteElo "2407"]
[BlackElo "2422"]
[Result "1-0"]
[Round "11"]
[TimeControl "180+1"]
[Date "2022.05.03"]
[WhiteClock "0:00:27"]
[BlackClock "0:00:18"]

1. e4 d6 2. f4 f5 3. e5 dxe5 4. fxe5 Nc6 5. Nf3 e6 6. d4 Bd7 7. Bc4 Qe7 8. O-O Na5 9. Bd3 Nh6 10. c3 Nf7 11. b4 Nc6 12. b5 Na5 13. a4 O-O-O 14. Ba3 Qe8 15. Bb4 b6 16. Bxa5 bxa5 17. Nbd2 g5 18. Nc4 g4 19. Nfd2 Bh6 20. Nxa5 Be3+ 21. Kh1 Ng5 22. Ndc4 f4 23. Qxg4 Rg8 24. Nxe3 fxe3 25. Qf4 Qh5 26. Qxe3 Rg7 27. d5 Kb8 28. dxe6 Nxe6 29. Nc6+ Bxc6 30. bxc6 Qg4 31. Rab1+ Ka8 32. Be4 Rb8 33. Rxb8+ Kxb8 34. c4 a5 35. Qb3+ Kc8 36. Bf3 Qf4 37. Rd1 Nc5 38. Qb7+ Nxb7 39. cxb7+ Kb8 40. Rd8+ 1-0


[Site "https://www.chess.com"]

[Event "Titled Tuesday Blitz May 03 Early 2022"]
[White "Vokhidov, Shamsiddin"]
[Black "Nakamura, Hikaru"]
[WhiteFideId "14204223"]
[BlackFideId "2016192"]
[WhiteElo "2611"]
[BlackElo "2850"]
[Result "0-1"]
[Round "11"]
[TimeControl "180+1"]
[Date "2022.05.03"]
[WhiteClock "0:00:19"]
[BlackClock "0:00:38"]

1. e4 c6 2. d4 d5 3. e5 Bf5 4. h4 h5 5. Bd3 Bxd3 6. Qxd3 e6 7. Bg5 Qa5+ 8. Nd2 Qa6 9. c4 Ne7 10. Ngf3 Nd7 11. O-O Nf5 12. Rfd1 Bb4 13. b3 f6 14. Bf4 Kf7 15. Nf1 Nf8 16. a3 Be7 17. exf6 gxf6 18. Re1 Rd8 19. Ne3 Ng7 20. g3 Ng6 21. Ng2 c5 22. Qc2 cxd4 23. Nxd4 e5 24. Nf5 Nxf5 25. Qxf5 exf4 26. cxd5 fxg3 27. fxg3 Qd6 28. Re6 Qxd5 29. Qxd5 Rxd5 30. Re2 Bd6 31. Rf1 Bxg3 32. Rf3 Rd1+ 33. Rf1 Rxf1+ 34. Kxf1 Nf4 0-1


[Site "https://www.chess.com"]

[Event "Titled Tuesday Blitz May 03 Early 2022"]
[White "Vysochin, Spartak"]
[Black "Kanyamarala, Tarun"]
[WhiteFideId "14103516"]
[BlackFideId "45004714"]
[WhiteElo "2385"]
[BlackElo "2177"]
[Result "1-0"]
[Round "11"]
[TimeControl "180+1"]
[Date "2022.05.03"]
[WhiteClock "0:01:33"]
[BlackClock "0:02:04"]

1. e4 c5 2. c3 Nf6 3. e5 Nd5 4. d4 cxd4 5. cxd4 d6 6. Bc4 dxe5 7. dxe5 Be6 8. Nf3 Nc6 9. O-O g6 10. Ng5 Bg7 11. Nxe6 fxe6 12. f4 Qb6+ 13. Kh1 Rd8 14. Qg4 Nd4 15. Nc3 O-O 16. Bxd5 exd5 17. Be3 Qb4 18. Bxd4 Qxd4 19. Rad1 Qb6 20. Nxd5 Qxb2 21. Nxe7+ Kh8 22. Nxg6+ hxg6 23. Rxd8 Qb5 24. Rxf8+ Bxf8 25. Qf3 1-0


[Site "https://www.chess.com"]

[Event "Titled Tuesday Blitz May 03 Early 2022"]
[White "Warchol, Kamil"]
[Black "Turutin, Alexander"]
[WhiteFideId "21858241"]
[BlackFideId "4180623"]
[WhiteElo "1910"]
[BlackElo "2402"]
[Result "1-0"]
[Round "11"]
[TimeControl "180+1"]
[Date "2022.05.03"]
[WhiteClock "0:00:11"]
[BlackClock "0:00:01"]

1. e4 c6 2. d4 d5 3. Nd2 dxe4 4. Nxe4 Bf5 5. Ng3 Bg6 6. Nh3 Nf6 7. Nf4 e5 8. dxe5 Qxd1+ 9. Kxd1 Ng4 10. Ke1 Bxc2 11. e6 Bc5 12. exf7+ Kxf7 13. Bc4+ Ke7 14. Nh3 Ne5 15. Bg5+ Kd7 16. Rc1 Bb4+ 17. Ke2 Nxc4 18. Rxc2 Re8+ 19. Kd1 b5 20. b3 Na3 21. Re2 Na6 22. Kc1 Rxe2 23. Nxe2 h6 24. Rd1+ Ke6 25. Be3 g5 26. Nd4+ Kf7 27. Kb2 Rc8 28. Nf5 Kg6 29. g4 Bf8 30. f4 Nb4 31. Kxa3 Nd3+ 32. b4 Nxb4 33. Kb3 Nd5 34. Bc1 a5 35. fxg5 a4+ 36. Kb2 Re8 37. gxh6 Bb4 38. Ng3 Nc3 39. Rf1 1-0


[Site "https://www.chess.com"]

[Event "Titled Tuesday Blitz May 03 Early 2022"]
[White "Weishaeutel, Moritz"]
[Black "Keller, Peter"]
[WhiteFideId "12967300"]
[BlackFideId "1272105"]
[WhiteElo "2002"]
[BlackElo "2275"]
[Result "0-1"]
[Round "11"]
[TimeControl "180+1"]
[Date "2022.05.03"]
[WhiteClock "0:00:02"]
[BlackClock "0:00:20"]

1. e4 e5 2. Nf3 Nc6 3. Bb5 Nf6 4. O-O Nxe4 5. d4 Nd6 6. Bxc6 dxc6 7. dxe5 Nf5 8. Qxd8+ Kxd8 9. h3 Bd7 10. Nc3 h6 11. Rd1 Kc8 12. Ne2 b6 13. Bf4 Be7 14. Ned4 Nxd4 15. Nxd4 c5 16. e6 fxe6 17. Nf3 Bf6 18. Ne5 Rd8 19. Re1 Be8 20. Re2 Kb7 21. c3 Bb5 22. Re3 Rd2 23. b3 Rad8 24. a4 Be8 25. Ree1 Rb2 26. Reb1 Rxb1+ 27. Rxb1 Rd5 28. Re1 a5 29. g4 Rd8 30. Re2 Rd1+ 31. Kg2 Rb1 32. h4 Rxb3 33. g5 hxg5 34. hxg5 Bxe5 35. Bxe5 g6 36. Bf6 Bf7 37. Re4 Kc6 38. Rf4 Ra3 39. Be5 Be8 40. Rf6 Kd7 41. Rf8 Rxa4 42. Rg8 Rg4+ 43. Kf3 Rxg5 44. Rg7+ Kc6 45. Ke4 Bd7 46. f4 Rg2 47. c4 a4 48. Rg8 a3 49. Ra8 a2 50. Kf3 Rc2 51. Ke3 b5 52. cxb5+ Kxb5 53. Kd3 Rg2 54. Kc3 Bc6 55. Ra7 Bd5 56. Bxc7 Rg1 57. Kb2 a1=Q+ 58. Rxa1 Rxa1 59. Kxa1 Kc4 60. Kb2 Kd3 61. Kc1 c4 62. Be5 c3 63. Bb8 c2 64. Be5 Be4 65. Bb8 Ke3 66. Bd6 Kf3 67. Be5 Bf5 68. Bb8 Ke4 69. Bc7 Kf3 70. Bb8 Kg4 71. Bc7 Kg3 72. Bb8 Kf3 73. Bc7 Ke2 74. Bb8 Kd3 75. Bc7 Kc4 76. Bb8 Kd5 77. Bc7 Kc6 78. Bb8 Kd7 79. Be5 Kc6 80. Bb8 Kd5 81. Bc7 g5 82. fxg5 e5 83. Bb8 Bg6 84. Bc7 Kd4 85. Bb8 Bd3 86. Bc7 e4 87. g6 e3 88. g7 Bc4 89. Bb6+ Kd3 0-1


[Site "https://www.chess.com"]

[Event "Titled Tuesday Blitz May 03 Early 2022"]
[White "Winkels, Marcel"]
[Black "Gottstein, Claudius-Thomas"]
[WhiteFideId "1003887"]
[BlackFideId "4653327"]
[WhiteElo "1900"]
[BlackElo "2109"]
[Result "0-1"]
[Round "11"]
[TimeControl "180+1"]
[Date "2022.05.03"]
[WhiteClock "0:00:24"]
[BlackClock "0:00:20"]

1. e4 c6 2. d4 d5 3. exd5 cxd5 4. c4 Nf6 5. Nc3 Nc6 6. Bg5 Qa5 7. Bxf6 exf6 8. cxd5 Bb4 9. Qd2 Bxc3 10. bxc3 Qxd5 11. Nf3 O-O 12. Be2 b5 13. O-O Na5 14. Rab1 a6 15. Rfe1 Bf5 16. Bd3 Nc4 17. Qe2 Bxd3 18. Qxd3 Rfe8 19. h3 g6 20. Nd2 Nd6 21. a4 Rac8 22. axb5 axb5 23. Nb3 Rxe1+ 24. Rxe1 Qxb3 25. Qg3 Nf5 26. Qf4 Qxc3 27. Rd1 Qb3 28. Rd2 Qd5 29. h4 h5 30. f3 Rc1+ 31. Kf2 Rc4 32. Qb8+ Kg7 33. g4 hxg4 34. fxg4 Nxh4 35. Rd3 Qg2+ 36. Ke3 Rc2 37. d5 Qf2+ 38. Ke4 Re2+ 0-1


[Site "https://www.chess.com"]

[Event "Titled Tuesday Blitz May 03 Early 2022"]
[White "Wong, Yinn Long"]
[Black "Taboas Rodriguez, Daniel"]
[WhiteFideId "5707684"]
[BlackFideId "2208466"]
[WhiteElo "2055"]
[BlackElo "2429"]
[Result "1-0"]
[Round "11"]
[TimeControl "180+1"]
[Date "2022.05.03"]
[WhiteClock "0:00:07"]
[BlackClock "0:00:05"]

1. e4 e6 2. d3 d5 3. Nd2 Nc6 4. Ngf3 Nf6 5. e5 Nd7 6. d4 f6 7. exf6 Qxf6 8. Nb3 Bd6 9. Bg5 Qf7 10. Bh4 O-O 11. Bg3 e5 12. dxe5 Ndxe5 13. Be2 Bg4 14. Nbd2 Rae8 15. O-O Nxf3+ 16. Bxf3 Bxg3 17. hxg3 Bxf3 18. Nxf3 Ne5 19. Nxe5 Rxe5 20. Qd2 Rf5 21. Rae1 c6 22. Qd4 h5 23. Qxa7 g5 24. Qc5 h4 25. gxh4 gxh4 26. Re7 Qg6 27. Qe3 R8f6 28. Re8+ Kh7 29. Re7+ Rf7 30. Rxf7+ Rxf7 31. Qh3 Qh6 32. Re1 Rg7 33. Qd3+ Qg6 34. Qxg6+ Kxg6 35. Re3 Kf5 36. Kf1 Kf4 37. Rh3 Kg4 38. Rb3 b5 39. Rc3 Ra7 40. a3 Ra6 41. Rb3 Rb6 42. Rb4+ Kg5 43. Rd4 Ra6 44. Ke2 Ra7 45. f3 Re7+ 46. Kf2 Re6 47. Rg4+ Kh5 48. a4 bxa4 49. Rxa4 c5 50. Ra5 Rc6 51. b3 Kg5 52. Ra8 c4 53. Ra5 cxb3 54. Rxd5+ Kf4 55. cxb3 Rc2+ 56. Kg1 Rb2 57. Rd4+ Ke3 58. Re4+ Kd3 59. b4 Rb3 60. Rxh4 Rxb4 61. Rxb4 1-0


[Site "https://www.chess.com"]

[Event "Titled Tuesday Blitz May 03 Early 2022"]
[White "Yurovskykh, Oleksandr"]
[Black "Preotu, Razvan"]
[WhiteFideId "14134020"]
[BlackFideId "2613280"]
[WhiteElo "2292"]
[BlackElo "2407"]
[Result "0-1"]
[Round "11"]
[TimeControl "180+1"]
[Date "2022.05.03"]
[WhiteClock "0:00:06"]
[BlackClock "0:00:21"]

1. d4 Nf6 2. Nf3 g6 3. c4 Bg7 4. Nc3 d5 5. cxd5 Nxd5 6. Bg5 Nxc3 7. bxc3 c5 8. e3 Nd7 9. Be2 Nf6 10. Rc1 Ne4 11. Bh4 Qa5 12. Qc2 Nd6 13. O-O Bf5 14. Qb3 Qc7 15. Bg3 O-O 16. Qa3 Rfc8 17. h3 Qc6 18. Rfd1 Ne4 19. Bh2 b5 20. Ne5 Qe8 21. f3 Nd6 22. e4 Bd7 23. dxc5 Bxe5 24. Bxe5 Nb7 25. Bd4 a6 26. c4 a5 27. cxb5 Bxb5 28. Bxb5 Qxb5 29. Rb1 Qc6 30. Rb6 Qc7 31. c6 Nd8 32. Rc1 Rcb8 33. Rxb8 Rxb8 34. Qc5 Ne6 35. Qc4 Rb4 36. Qa6 Rxd4 37. Qa8+ Kg7 38. Qb7 Qg3 39. c7 Rd2 0-1


[Site "https://www.chess.com"]

[Event "Titled Tuesday Blitz May 03 Early 2022"]
[White "Zainullina, Nataliya"]
[Black "Fernandez Siles, Luis"]
[WhiteFideId "4145488"]
[BlackFideId "2209420"]
[WhiteElo "2082"]
[BlackElo "2212"]
[Result "0-1"]
[Round "11"]
[TimeControl "180+1"]
[Date "2022.05.03"]
[WhiteClock "0:01:16"]
[BlackClock "0:00:26"]

1. Nf3 Nf6 2. c4 g6 3. b4 Bg7 4. Bb2 O-O 5. e3 d6 6. Be2 Nbd7 7. O-O e5 8. d3 Re8 9. Nc3 Nf8 10. Qb3 h5 11. a4 N6h7 12. d4 e4 13. Nd2 Nf6 14. d5 N8h7 15. c5 h4 16. Nc4 h3 17. g3 Bg4 18. Rad1 Ng5 19. cxd6 cxd6 20. Nb5 Bxe2 21. Ncxd6 Bxd1 22. Rxd1 Nf3+ 23. Kh1 Ng4 24. Qc2 Bxb2 25. Qxb2 Qf6 26. Qe2 Red8 27. Nxe4 Qf5 28. Ned6 Qf6 29. Ne4 Qe5 30. Qxf3 Qxe4 31. Qxe4 Nxf2+ 32. Kg1 Nxe4 33. Rd4 Nf6 34. d6 Rd7 35. Rf4 Kg7 36. a5 a6 37. Nc7 Rad8 38. e4 Nh5 39. Rh4 Rxd6 40. Rxh3 Rd4 41. Rh4 Rxb4 42. Nd5 Rb2 43. Rg4 Nf6 44. Nxf6 Rd1# 0-1


[Site "https://www.chess.com"]

[Event "Titled Tuesday Blitz May 03 Early 2022"]
[White "Zhao, Jun"]
[Black "Harshavardhan G B"]
[WhiteFideId "8602522"]
[BlackFideId "25059009"]
[WhiteElo "2547"]
[BlackElo "1831"]
[Result "1/2-1/2"]
[Round "11"]
[TimeControl "180+1"]
[Date "2022.05.03"]
[WhiteClock "0:00:30"]
[BlackClock "0:01:18"]

1. e4 e5 2. Nf3 Nc6 3. Bb5 a6 4. Ba4 d6 5. O-O Bg4 6. c3 Qf6 7. d3 Ne7 8. Nbd2 Ng6 9. h3 h5 10. Re1 Nf4 11. Re3 Bxh3 12. gxh3 Qg6+ 13. Kf1 Qg2+ 14. Ke1 g5 15. Bxc6+ bxc6 16. Qa4 Kd7 17. d4 g4 18. d5 Kd8 19. Qxc6 Rc8 20. Nxe5 dxe5 21. Qf6+ Kd7 22. Qf5+ Kd8 23. Qf6+ Kd7 24. Qxh8 Bc5 25. Qf6 Bxe3 26. Qxf7+ Kd8 27. Qf8+ Kd7 28. Qf7+ Kd8 29. Qf8+ Kd7 30. Qf7+ 1/2-1/2